 Dungeon Crawl Stone Soup version 0.15.2 (webtiles) character file.

26732 ztt the Prestidigitator (level 13, -2/81 HPs)
             Began as an Octopode Fire Elementalist on Nov 6, 2014.
             Was an Elder of Vehumet.
             Killed by the air
             ... invoked by Gastronok
              (20 damage)
             ... on Level 3 of the Lair of Beasts.
             The game lasted 01:15:14 (27094 turns).

ztt the Prestidigitator (OpFE)                     Turns: 27094, Time: 01:15:14

HP  -2/81        AC  5     Str  7      XL: 13   Next: 27%
MP  11/30        EV 17     Int 21      God: Vehumet [****..]
Gold 481         SH  0     Dex 14      Spells:  8 memorised, 10 levels left

rFire  . . .     SeeInvis .     a - staff of wizardry
rCold  . . .     Clarity  .     (no shield)
rNeg   . . .     rCorr    .     t - +4 hat of Ytroxzuy {+Rage Stlth+}
rPois  .         rRot     .     (no amulet)
rElec  .         Spirit   .     E - ring of teleport control
SustAb .         Warding  .     (no ring)
rMut   .         Stasis   .     (no ring)
Gourm  .                        (no ring)
MR     .....                    (no ring)
                                (no ring)
                                (no ring)
                                (no ring)

@: slowed, very slow, not resistant to hostile enchantments, very stealthy
A: almost no armour, amphibious, 8 rings, constrict 8, camouflage 1, gelatinous
body 1
a: Renounce Religion, Evoke Berserk Rage, Evoke Teleport Control


You were on level 3 of the Lair of Beasts.
You worshipped Vehumet.
Vehumet was greatly pleased with you.
You were not hungry.

You visited 3 branches of the dungeon, and saw 14 of its levels.

You collected 715 gold pieces.
You spent 234 gold pieces at shops.

Inventory:

Hand weapons
 h - a +1 blowgun
Missiles
 i - 36 poisoned needles
 n - 6 curare-tipped needles
Armour
 t - the +4 hat of Ytroxzuy (worn) {+Rage Stlth+}
   (You bought it in a shop on level 5 of the Dungeon)

   It lets you go berserk.
   It makes you more stealthy.
Magical devices
 f - a wand of lightning (10)
 j - a wand of flame (13)
 r - a wand of magic darts (12)
 u - a wand of random effects (10)
 v - a wand of flame (4)
 w - a wand of flame (7)
 J - a wand of teleportation (2) {unknown}
 O - a wand of disintegration (14) {unknown}
Comestibles
 m - 3 bread rations
 R - a meat ration
Scrolls
 d - 4 scrolls of enchant armour
 l - 5 scrolls of remove curse
 x - 2 scrolls of magic mapping
 H - 2 scrolls of vulnerability
 K - a scroll of identify
 L - a scroll of fog
 P - a scroll of amnesia
Jewellery
 y - an uncursed ring of teleportation
 E - a ring of teleport control (left tentacle)
Potions
 c - a potion of restore abilities
 e - 3 potions of agility
 g - a potion of haste
 k - a potion of berserk rage
 o - 2 potions of might
 q - 3 potions of curing
 s - 2 potions of poison {unknown}
 A - a potion of brilliance
 B - a potion of cancellation {unknown}
 C - 2 potions of lignification {unknown}
 F - a potion of confusion {unknown}
 G - 2 potions of flight {unknown}
 M - a potion of mutation {unknown}
Books
 b - a book of Flames

   Spells                             Type                      Level
   *Flame Tongue                      Conjuration/Fire             1
   *Throw Flame                       Conjuration/Fire             2
   *Conjure Flame                     Conjuration/Fire             3
   Inner Flame                        Hexes/Fire                   3
   *Sticky Flame                      Conjuration/Fire             4
   Fireball                           Conjuration/Fire             5
 p - a book of Minor Magic

   Spells                             Type                      Level
   *Magic Dart                        Conjuration                  1
   *Blink                             Translocation                2
   Call Imp                           Summoning                    2
   *Repel Missiles                    Charms/Air                   2
   Slow                               Hexes                        2
   *Conjure Flame                     Conjuration/Fire             3
   Mephitic Cloud                     Conjuration/Poison/Air       3
 z - a book of Cantrips

   Spells                             Type                      Level
   Corona                             Hexes                        1
   Animate Skeleton                   Necromancy                   1
   Summon Small Mammal                Summoning                    1
   Apportation                        Translocation                1
 N - a book of Enchantments

   Spells                             Type                      Level
   Tukima's Dance                     Hexes                        3
   Cause Fear                         Hexes                        4
   Silence                            Hexes/Air                    5
   Deflect Missiles                   Charms/Air                   6
   Haste                              Charms                       6
   Discord                            Hexes                        8
 Q - a book of Transfigurations

   Spells                             Type                      Level
   Stoneskin                          Transmutation/Earth          2
   Ice Form                           Ice/Transmutation            4
   Statue Form                        Transmutation/Earth          6
   Dragon Form                        Transmutation                7
Magical staves
 a - an uncursed staff of wizardry (weapon)


   Skills:
 + Level 4.6 Fighting
 + Level 2.4 Staves
 + Level 0.6 Throwing
 + Level 8.6 Dodging
 + Level 8.4 Stealth
 + Level 1.2 Unarmed Combat
 + Level 9.4 Spellcasting
 + Level 9.9 Conjurations
 + Level 0.2 Translocations
 + Level 9.7 Fire Magic
 + Level 1.0 Earth Magic
 + Level 10.8 Evocations


You had 10 spell levels left.
You knew the following spells:

 Your Spells              Type           Power        Failure   Level  Hunger
a - Flame Tongue          Conj/Fire      #####        1%          1    None
b - Throw Flame           Conj/Fire      ######       1%          2    None
c - Sticky Flame          Conj/Fire      ######..     1%          4    ##.....
d - Conjure Flame         Conj/Fire      ######..     1%          3    None
e - Blink                 Tloc           N/A          4%          2    None
f - Repel Missiles        Chrm/Air       #.....       4%          2    None
g - Magic Dart            Conj           ####         1%          1    None
h - Bolt of Magma         Conj/Fire/Erth #####.....   1%          5    ####...


Dungeon Overview and Level Annotations

Branches:
Dungeon (10/15)            Temple (1/1) D:7            Lair (3/8) D:8
    Orc: D:9-12       Swamp: Lair:3-6    Shoals: Lair:3-6     Snake: Lair:3-6
 Spider: Lair:3-6

Altars:
Ashenzari
Cheibriados
Dithmenos
Elyvilon
Fedhas
Kikubaaqudgha
Makhleb
Nemelex Xobeh
Okawaru
Qazlal
Sif Muna
Trog
Vehumet
Xom
Yredelemnul
Zin
The Shining One

Shops:
D:5 [   D:10 %

Annotations:
D:10 Nergalle
Lair:3 Gastronok


Innate Abilities, Weirdness & Mutations

You cannot wear most types of armour.
You are amphibious.
You can wear up to eight rings at the same time.
You can use your tentacles to constrict many enemies at once.
Your skin changes colour to match your surroundings (Stealth).
Your rubbery body absorbs attacks (AC +1).


Message History

Gastronok is heavily wounded.
Gastronok is covered in liquid flames!
Gastronok burns!
Gastronok burns!
The rat misses you. Gastronok bites you!
* * * LOW HITPOINT WARNING * * *
The rat bites you but does no damage.
Gastronok burns!
The rat misses you.
Gastronok burns! x2
The rat closely misses you.
Gastronok burns!
The rat bites you but does no damage.
Gastronok burns! x2
The rat barely misses you.
Gastronok burns!
Gastronok chants a spell, wobbling all the while.
Gastronok seems to move somewhat quicker.
Gastronok burns! x2
The rat closely misses you.
Gastronok burns!
Gastronok waves his eye-stalks in wide circles.
The air twists around and strikes you!
You die...

#... #........ #...
##....... ##..#
#........
#...#########.....##
#...##.#...##.....#
#.................##
#...###.######.....#
##..##### #P.....#
#.@..# ##......
#rr.## #...... #..##
##...... ##...#
#....... #P...#
#....... ##..##
##...... #..w#
#.....## ##..#
##.....# #....#
#....##


You could see Gastronok (burning) and 2 rats.

Vanquished Creatures
  2 hydras (Lair:3)
  Erica (Lair:1)
  A black mamba (Lair:3)
  13 elephants
  4 spiny frogs
  A komodo dragon (Lair:3)
  A troll (D:9)
  8 polar bears
  4 two-headed ogres
  12 blink frogs
  3 basilisks
  5 humans
  24 yaks
  Eustachio (D:4)
  A deep elf mage (D:8)
  2 wyverns
  A steam dragon (D:7)
  A hungry ghost (D:7)
  Menkaure (D:6)
  5 hippogriffs
  5 porcupines
  An ice beast (D:9)
  3 orc warriors
  A water moccasin (Lair:1)
  9 black bears
  3 sky beasts
  2 phantoms
  A necrophage (D:9)
  5 ogres
  A centaur (D:8)
  A big kobold (D:9)
  8 crocodiles
  9 giant frogs
  Blork the orc (D:7)
  4 scorpions
  10 killer bees
  3 wights (D:9)
  3 crimson imps
  4 goliath beetles
  A soldier ant zombie (D:9)
  2 jellies
  An elf zombie (D:10)
  6 hounds
  8 orc priests
  8 iguanas
  9 orc wizards
  8 worker ants
  5 sheep
  Ijyb (D:4)
  A crocodile skeleton (D:10)
  12 gnolls
  A scorpion zombie (D:6)
  17 adders
  37 green rats
  A shadow imp (D:8)
  2 giant mites
  A worm (D:2)
  An adder skeleton (D:7)
  3 giant geckos
  2 oozes
  38 orcs
  18 bats
  9 giant cockroaches
  15 goblins
  13 hobgoblins
  8 quokkas
  5 giant newts
  A gnoll skeleton (D:5)
  16 jackals
  24 kobolds
  2 orc skeletons (D:7)
  An orc zombie (D:8)
  A quokka skeleton (D:4)
  20 rats
463 creatures vanquished.

Vanquished Creatures (others)
  7 fungi
  2 plants
9 creatures vanquished.

Grand Total: 472 creatures vanquished

Notes
Turn   | Place    | Note
--------------------------------------------------------------
     0 | D:1      | ztt, the Octopode Fire Elementalist, began the quest for the Orb.
     0 | D:1      | Reached XP level 1. HP: 11/11 MP: 3/3
   321 | D:1      | Reached XP level 2. HP: 7/17 MP: 0/4
   784 | D:1      | Learned a level 2 spell: Throw Flame
  1094 | D:1      | Reached XP level 3. HP: 2/21 MP: 0/6
  2205 | D:2      | Reached XP level 4. HP: 24/27 MP: 3/7
  2486 | D:2      | Found a stormy altar of Qazlal.
  2492 | D:2      | Found an iron altar of Okawaru.
  2492 | D:2      | Found a bloodstained altar of Trog.
  3585 | D:3      | Learned a level 4 spell: Sticky Flame
  3930 | D:3      | Found a shimmering altar of Xom.
  4186 | D:3      | Reached skill level 1 in Fighting
  4186 | D:3      | Reached XP level 5. HP: 31/33 MP: 5/9
  5134 | D:4      | Noticed Eustachio
  5188 | D:4      | Killed Eustachio
  5188 | D:4      | Reached skill level 4 in Stealth
  5188 | D:4      | Reached skill level 1 in Unarmed Combat
  5188 | D:4      | Reached XP level 6. HP: 5/38 MP: 1/11
  5442 | D:4      | Noticed Ijyb
  5458 | D:4      | Killed Ijyb
  5741 | D:4      | Noticed an ogre
  5749 | D:4      | Killed an ogre
  5987 | D:4      | Reached XP level 7. HP: 39/45 MP: 13/13
  6760 | D:5      | Entered Level 5 of the Dungeon
  6791 | D:5      | Found Luxiun's Antique Armour Emporium.
  6874 | D:5      | Learned a level 3 spell: Conjure Flame
  6908 | D:5      | Reached skill level 5 in Stealth
  7607 | D:5      | Found a shadowy altar of Dithmenos.
  8452 | D:5      | Bought a pitted hat for 234 gold pieces
  8458 | D:5      | Identified the +4 hat of Ytroxzuy {+Rage Stlth+} (You bought it in a shop on level 5 of the Dungeon)
  8560 | D:6      | Reached XP level 8. HP: 51/51 MP: 0/16
  8772 | D:6      | Noticed Menkaure
  8775 | D:6      | Killed Menkaure
  8885 | D:6      | Learned a level 2 spell: Blink
  8888 | D:6      | Learned a level 2 spell: Repel Missiles
  9295 | D:7      | Reached skill level 1 in Staves
  9295 | D:7      | Reached skill level 5 in Dodging
  9438 | D:7      | Learned a level 1 spell: Magic Dart
  9628 | D:7      | Found a staircase to the Ecumenical Temple.
  9735 | Temple   | Entered the Ecumenical Temple
  9800 | Temple   | Became a worshipper of Vehumet
  9930 | D:7      | Reached skill level 1 in Evocations
  9948 | D:7      | Reached skill level 6 in Stealth
  9948 | D:7      | Reached skill level 5 in Fire Magic
 10313 | D:7      | Noticed Blork the orc
 10327 | D:7      | Killed Blork the orc
 10484 | D:7      | Reached XP level 9. HP: 55/55 MP: 15/20
 10624 | D:7      | Reached skill level 5 in Conjurations
 11571 | D:7      | Reached skill level 5 in Spellcasting
 11810 | D:8      | Acquired Vehumet's first power
 11810 | D:8      | Offered knowledge of Freeze by Vehumet.
 12533 | D:8      | Reached skill level 5 in Evocations
 12533 | D:8      | Reached XP level 10. HP: 63/63 MP: 10/23
 12660 | D:8      | Found a staircase to the Lair.
 12660 | D:8      | Noticed an elephant
 12730 | D:8      | Killed an elephant
 14048 | Lair:1   | Entered Level 1 of the Lair of Beasts
 14300 | D:8      | Offered knowledge of Throw Frost by Vehumet.
 14370 | D:9      | Found a shimmering altar of Xom.
 15118 | D:9      | Reached skill level 7 in Conjurations
 15928 | D:9      | Reached XP level 11. HP: 69/69 MP: 16/25
 16479 | D:9      | Offered knowledge of Dazzling Spray by Vehumet.
 16891 | D:10     | Entered Level 10 of the Dungeon
 17303 | D:10     | Acquired Vehumet's second power
 17674 | D:10     | Noticed Nergalle
 18434 | D:10     | Offered knowledge of Static Discharge by Vehumet.
 18678 | D:10     | Found Eries' Food Shoppe.
 18837 | Lair:1   | Reached skill level 8 in Evocations
 19412 | Lair:1   | Noticed Erica
 19641 | Lair:1   | Acquired Vehumet's third power
 19851 | Lair:1   | Offered knowledge of Bolt of Magma by Vehumet.
 19936 | Lair:1   | Learned a level 5 spell: Bolt of Magma
 20240 | Lair:1   | Killed Erica
 21246 | Lair:2   | Reached XP level 12. HP: 54/75 MP: 10/27
 21264 | Lair:2   | Reached skill level 9 in Evocations
 21325 | Lair:2   | HP: 3/75 [polar bear (1)]
 23988 | Lair:2   | Offered knowledge of Delayed Fireball by Vehumet.
 24760 | Lair:3   | Reached skill level 10 in Evocations
 25308 | Lair:3   | Noticed a five-headed hydra
 25328 | Lair:3   | Killed a five-headed hydra
 25623 | Lair:3   | Reached XP level 13. HP: 77/81 MP: 19/30
 25637 | Lair:3   | Noticed Gastronok
 26766 | Lair:3   | Reached skill level 1 in Earth Magic
 27094 | Lair:3   | Killed from afar by Gastronok

Action                   |  1- 3 |  4- 6 |  7- 9 | 10-12 | 13-15 || total
-------------------------+-------+-------+-------+-------+-------++-------
Melee: Unarmed           |    35 |    60 |       |       |       ||    95
       Staff             |       |    43 |   209 |   345 |    19 ||   616
 Fire: Blowgun           |       |    14 |       |       |       ||    14
 Cast: Flame Tongue      |    40 |    65 |    58 |   156 |    17 ||   336
       Sticky Flame      |       |     4 |    21 |   105 |    21 ||   151
       Throw Flame       |       |     4 |   106 |   395 |    37 ||   542
       Conjure Flame     |       |       |     1 |     2 |       ||     3
       Magic Dart        |       |       |     1 |     6 |       ||     7
       Bolt of Magma     |       |       |       |    20 |    12 ||    32
       Blink             |       |       |       |     1 |       ||     1
Evoke: Wand              |       |       |     3 |     2 |       ||     5
  Use: Scroll            |     1 |     6 |     9 |     7 |       ||    23
       Potion            |       |       |     1 |     1 |     2 ||     4
 Stab: Sleeping          |     3 |     9 |     9 |    13 |       ||    34
       Distracted        |       |     1 |       |       |       ||     1
  Eat: Chunk             |     2 |     5 |    15 |    12 |     4 ||    38
       Beef jerky        |     1 |       |       |     2 |       ||     3
       Bread ration      |       |     2 |     1 |     2 |       ||     5
       Royal jelly       |       |       |     1 |     2 |       ||     3
       Meat ration       |       |       |     1 |     2 |     1 ||     4
       Pizza             |       |       |       |     7 |     1 ||     8
       Fruit             |       |       |       |     7 |       ||     7
